 Dungeon Crawl Stone Soup version 0.28.0-53-g5a82cb258f (webtiles) character file.

Game seed: 11602196847728189279

58 Plasmagod the Shield-Bearer (level 4, 0/28 HPs)
             Began as a Gargoyle Fighter on July 25, 2022.
             Slain by a jackal (2 damage)
             ... on level 1 of the Dungeon.
             The game lasted 00:01:43 (1244 turns).

Plasmagod the Shield-Bearer (Gargoyle Fighter)      Turns: 1244, Time: 00:01:44

Health: 0/28       AC: 10    Str: 19    XL:     4   Next: 1%
Magic:  4/4        EV:  9    Int:  9    God:
Gold:   27         SH:  4    Dex: 11    Spells: 3/3 levels left

rFire   . . .      SeeInvis .   a - +0 flail
rCold   . . .      Faith    .   c - +0 buckler
rNeg    + . .      Spirit   .   b - +0 scale mail
rPois   ∞          Reflect  .   (no helmet)
rElec   +          Harm     .   (no cloak)
rCorr   .          Rampage  .   (no gloves)
Will    .....                   (no boots)
Stlth   ..........              (no amulet)
HPRegen 0.09/turn               (no ring)
MPRegen 0.09/turn               (no ring)

@: no status effects
A: sickness immunity, AC +3, negative energy resistance 1, electricity
resistance, torment resistance 1, petrification resistance
a: no special abilities


You were on level 1 of the Dungeon.
You visited 1 branch of the dungeon, and saw 1 of its levels.

You collected 27 gold pieces.

Inventory:

Hand Weapons
 a - a +0 flail (weapon)
Armour
 b - a +0 scale mail (worn)
 c - a +0 buckler (worn)
Magical Staves
 e - a staff of conjuration
Potions
 d - a potion of might


   Skills:
 + Level 3.6 Fighting
 + Level 2.5 Maces & Flails
 + Level 3.8 Armour
 + Level 0.3 Dodging
 + Level 4.1 Shields


You had 3 spell levels left.
You didn't know any spells.
Your spell library was empty.

Dungeon Overview and Level Annotations

Branches:
Dungeon (1/15)

Altars:


Innate Abilities, Weirdness & Mutations

You are immune to sickness and miasma.
Your stone body is resilient. (AC +3)
You are immune to poison.
You resist negative energy. (rN+)
You are resistant to electric shocks. (rElec)
You are resistant to unholy torment.
You are immune to petrification.


Message History

The giant cockroach misses you.
The giant cockroach bites you but does no damage.
You block the giant cockroach's attack.
You closely miss the giant cockroach.
The giant cockroach is severely wounded.
The giant cockroach bites you.
* * * LOW HITPOINT WARNING * * *
The giant cockroach barely misses you.
The giant cockroach bites you but does no damage.
You sock the giant cockroach!
You kill the giant cockroach!
You block the giant cockroach's attack. The giant cockroach barely misses you.
You hit the giant cockroach.
You kill the giant cockroach!
The jackal bites you but does no damage.
You have reached level 4!
You feel clever.
You completely miss the jackal.
The jackal bites you but does no damage. x2
You closely miss the jackal.
The jackal bites you but does no damage.
The jackal closely misses you.
You barely miss the jackal. You block the jackal's attack.
You closely miss the jackal. The jackal barely misses you. x2
The endoplasm jiggles. x2
You barely miss the jackal. The jackal completely misses you.
The jackal bites you but does no damage.
You miss the jackal. The jackal bites you.
* * * LOW HITPOINT WARNING * * *
The jackal bites you but does no damage.
You hit the jackal.
The jackal is severely wounded.
The jackal bites you.
* * * LOW HITPOINT WARNING * * *
The jackal bites you but does no damage.
You completely miss the jackal.
The jackal is severely wounded.
The jackal bites you but does no damage.
The jackal bites you.
You die...

..........................#....._
.....#.####.############..#.P#..P
######.####..############.#.P#8..
# #....................##8#...
######...###+#######'###..##.####
.......#.#..⌠...>...⌠..#..#####
#.....##.#......<......#..# #.#
#.#...##.'⌠....###....⌠+..###.###
#.#.#.##.#......@†.....#...##.##.
#####.##.#######h#######.#.##.##.
.#.#..##.#....JrJJ.....#.#.##.##.
.#...###.#.....Jr......#.#.##.##.
.....# #.#?............#.#.##.##.
.##### #.###############...##.##.
..[..# #....................#.##.
.###.# ##..######.##...####.#.###
.# #.# #......##.##......#.#.#


You could see 4 endoplasms, a jackal and 2 rats.

Vanquished Creatures
  A worm (D:1)
  6 ball pythons (D:1)
  2 bats (D:1)
  9 endoplasms (D:1)
  11 giant cockroaches (D:1)
  2 goblins (D:1)
  A hobgoblin (D:1)
  5 jackals (D:1)
  4 frilled lizards (D:1)
  4 rats (D:1)
45 creatures vanquished.

Notes
Turn   | Place    | Note
-------+----------+-------------------------------------------
     0 | D:1      | Plasmagod the Gargoyle Fighter began the quest for the Orb.
     0 | D:1      | Reached XP level 1. HP: 14/14 MP: 1/1
     1 | D:1      | Found a runed translucent door.
    63 | D:1      | Found a faded altar of an unknown god.
   103 | D:1      | Reached XP level 2. HP: 15/19 MP: 2/2
   590 | D:1      | Reached XP level 3. HP: 23/23 MP: 3/3
  1216 | D:1      | Reached skill level 4 in Shields
  1237 | D:1      | Reached XP level 4. HP: 7/28 MP: 4/4
  1244 | D:1      | Slain by a jackal

Illustrated notes

Levels and vault maps discovered:
D:1:      dpeg_arrival_caged_fury, layout_basic,
          chequers_ecumenical_altar_lobes, minmay_misc_feat_plants,
          minmay_worlds_worst_comb

Skill      XL: |  1  2  3 |
---------------+----------+-----
Shields        | 4 |  4.1
Fighting       | |  3.6
Maces & Flails | |  2.5
Armour         | |  3.8
Dodging        | |  0.3

Action                   |  1- 3 |  4- 6 || total
-------------------------+-------+-------++-------
Melee: Flail             |   129 |     8 ||   137
Armor: Scale mail        |    96 |     7 ||   103
Dodge: Dodged            |    90 |     4 ||    94
Block: Buckler           |    39 |     1 ||    40
